 Dungeon Crawl Stone Soup version 0.27.0-1-g7a089689b8 (console) character file.

Game seed: 3220376984321258433

179 jejorda2 the Sneak (level 5, 0/49 HPs)
             Began as a Deep Dwarf Delver on Aug 12, 2021.
             Slain by Sigmund (4 damage)
             ... on level 4 of the Dungeon.
             The game lasted 00:03:47 (464 turns).

jejorda2 the Sneak (Deep Dwarf Delver)               Turns: 464, Time: 00:03:47

Health: 0/49       AC:  5    Str: 16    XL:     5   Next: 32%
Magic:  4/4        EV: 11    Int: 11    God:
Gold:   79         SH:  0    Dex: 14    Spells: 4/4 levels left

rFire    . . .     SeeInvis .   a - +0 hand axe
rCold    . . .     Faith    .   (no shield)
rNeg     . . .     Spirit   .   h - +0 ring mail
rPois    .         Reflect  .   (no helmet)
rElec    .         Harm     .   (no cloak)
rCorr    .         Rampage  .   (no gloves)
Will     .....                  (no boots)
Stlth    +.........             (no amulet)
HPRegen  0.00/turn              (no ring)
MPRegen  0.09/turn              (no ring)

@: confused, attractive
A: damage resistance, heal wounds, sense surroundings 1, no regeneration
a: Heal Wounds


You were on level 4 of the Dungeon.
You visited 1 branch of the dungeon, and saw 3 of its levels.

You collected 79 gold pieces.

Inventory:

Hand Weapons
 a - a +0 hand axe (weapon)
Armour
 h - a +0 ring mail (worn)
Wands
 g - a wand of digging (3)
Scrolls
 c - a scroll of fog
 d - a scroll of identify {unknown}
 e - a scroll of fear
Potions
 f - a potion of curing {unknown}


   Skills:
 + Level 3.6 Fighting
 * Level 4.6 Axes
 + Level 2.5 Armour
 - Level 2.1 Dodging
 - Level 6.0 Stealth


You had 4 spell levels left.
You didn't know any spells.
Your spell library was empty.

Dungeon Overview and Level Annotations

Branches:
Dungeon (5/15)
 Temple: D:4-7

Altars:
Gozag
Kikubaaqudgha
Trog

Shops:
D:5 *

Annotations:
D:4 Sigmund
D:5 3 runed translucent doors, exclusion: iguana, Almightybob's ghost, novice DsCK


Innate Abilities, Weirdness & Mutations

You are resistant to damage.
You can heal yourself by infusing magical energy.
You passively map a small area around you.
You do not regenerate.


Message History

You see here 18 gold pieces.
Found a stone staircase leading down.
Sigmund shouts!
The goblin misses you. The goblin hits you but does no damage.
You feel much better. The goblin hits you with a +0 club.
You hit the goblin but do no damage. Sigmund closely misses you.
The goblin hits you with a +0 club.
You miss the goblin. Sigmund barely misses you. The goblin misses you.
You hit the goblin.
You kill the goblin!
Sigmund gestures wildly while chanting.
Sigmund flickers and vanishes!
Deactivating autopickup; reactivate with Ctrl-A.
You hear some strange, mumbled words.
Something tries to affect you, but you resist.
You hear some strange, mumbled words.
Something tries to affect you, but you resist.
You see here a +0 club.
You miss something. Something completely misses you.
You hit something but do no damage.
You hear some strange, mumbled words.
A puff of flame appears from out of thin air!
The puff of flame hits you!
You hit something but do no damage. Something hits you but does no damage.
You hit something. Something hits you.
You barely miss something. Something hits you!
You hit something but do no damage. Something hits you!
* * * LOW HITPOINT WARNING * * *
You slash something!
You hear some strange, mumbled words.
You are confused.
Something hits you!
* * * LOW HITPOINT WARNING * * *
Something barely misses you.
You see here a +0 club.
It was a potion of attraction.
You feel attractive to monsters. Something hits you.
You die...

*,,,,,,,,,,,,* *,****
*********,,,,,,,,,,,,****,****
*,,,,,,,,,,,,,,,,,,,,,,,,,,,,,
*,*******,,,,,,,,,,,,****,****
#.##########********** *,,,,,
#..........# #####**********
#..........# #...,,,,,,,,* *
***#........$.#####.#####...,,***
*,,.>..........{@...........,,,,,
*,,............####.#####.####***
*,,............# #.#####.....,,*
*,,............####.........###,*
*,,............................,,
*,,,..........###............##,*
*,,,,.........# #.............#,*
*,,,,,........# #...........#.#,#
*,,,,,,******** #.............#.#


There were no monsters in sight!

Vanquished Creatures
  A black bear (D:5)
  2 hounds
  An adder (D:4)
  A white imp (D:5)
  An orc (D:5)
  An endoplasm (D:4)
  A goblin (D:4)
  A ball python (D:4)
9 creatures vanquished.

Notes
Turn   | Place    | Note
-------+----------+-------------------------------------------
     0 | D:5      | jejorda2 the Deep Dwarf Delver began the quest for the Orb.
     0 | D:5      | Reached XP level 1. HP: 20/20 MP: 1/1
     3 | D:5      | Noticed a hound
    12 | D:5      | Noticed an iguana
    26 | D:5      | Killed a hound
    27 | D:5      | Reached skill level 1 in Armour
    27 | D:5      | Reached XP level 2. HP: 15/28 MP: 2/2
    27 | D:5      | Reached XP level 3. HP: 18/34 MP: 3/3
    47 | D:5      | Found a runed translucent gate.
    48 | D:5      | Found a runed translucent gate.
    48 | D:5      | Found a runed translucent gate.
    49 | D:5      | Found an opulent altar of Gozag.
   171 | D:5      | Noticed Almightybob's ghost (novice DsCK)
   172 | D:5      | Noticed a steam dragon
   173 | D:5      | Noticed a phantom
   204 | D:5      | Noticed a black bear
   236 | D:5      | Killed a black bear
   237 | D:5      | Reached XP level 4. HP: 26/42 MP: 3/3
   310 | D:3      | Found an ancient bone altar of Kikubaaqudgha.
   310 | D:3      | Found a bloodstained altar of Trog.
   351 | D:4      | Reached XP level 5. HP: 27/49 MP: 4/4
   438 | D:4      | Noticed Sigmund
   464 | D:4      | Slain by Sigmund

Illustrated notes

Levels and vault maps discovered:
D:3:      layout_rooms, mainiacjoe_overflow_tiny_flanked,
          nicolae_overflow_hidden_temple, serial_rivers,
          chequers_serial_rivers_micro_d, chequers_serial_rivers_large_a,
          chequers_serial_rivers_small_b, chequers_serial_rivers_micro_c,
          minivault_11, minmay_strange_pillars, chequers_big_river,
          grunt_decor_junction, st_stairs_14
D:4:      layout_basic, hex_intersection, grunt_decor_one_mirror, uniq_sigmund
D:5:      layout_basic, ebering_ghost_gozag, serial_shops, shop,
          minmay_misc_feat_pillars

Skill      XL: |  1  2  3 |
---------------+----------+-----
Fighting       | 3 |  3.6
Axes           | 3 4 |  4.6
Armour         | 1 2 |  2.5
Dodging        | |  2.1
Stealth        | |  6.0

Action                   |  1- 3 |  4- 6 || total
-------------------------+-------+-------++-------
Melee: Hand axe          |    52 |    35 ||    87
 Abil: Heal Wounds       |     3 |     1 ||     4
  Use: Potion            |     1 |     1 ||     2
       Scroll            |       |     1 ||     1
 Stab: Sleeping          |     1 |     2 ||     3
Armor: Leather armour    |     6 |       ||     6
       Ring mail         |    13 |     6 ||    19
Dodge: Dodged            |    36 |    23 ||    59
